AoeStats
← Pug Samurai

Arabia

510939814Analyzed
2v2 RM · 9h ago on Oct 3, 2026· 54m 59s· 4 players
Game mode
Random Map
Map size
Medium (4 player)
Population
200
Speed
Normal
Resources
Standard
Victory
Conquest
Starting age
Dark Age
Ending age
Imperial Age
RankedLock teamsTeams togetherTeam positionsShared explorationLock speedFull tech treeHidden civsTurbo modeCheats
Victory
Defeat
🇹🇼 Poles · Taiwan
882
+16
🇷🇺 Magyars · Russia
882
+16
🇭🇰 Sicilians · Hong Kong SAR China
879
-16
🇭🇰 Danes · Hong Kong SAR China
877
-16
Pug Samurai
6:43 Loom
9:26 Feudal Age
9:41 Man-at-Arms
16:07 Double-Bit Axe
19:18 Castle Age
18:27 Fletching
19:15 Arson
20:26 Bow Saw
25:00 Padded Archer Armor
25:05 Gold Mining
27:27 Bodkin Arrow
28:12 Thumb Ring
30:10 Stone Mining
31:31 Wheelbarrow
31:14 Leather Archer Armor
33:21 Hand Cart
34:38 Squires
34:24 Gambesons
38:56 Imperial Age
37:03 Scale Mail Armor
37:13 Forging
39:20 Hamask
39:24 Elite Jomsviking
42:20 Chain Mail Armor
42:03 Elite Varangian Guard
44:09 Horse Collar
45:27 Conscription
46:13 Town Watch
47:54 Town Patrol
49:34 Elite Varangian Guard
51:13 Siege Engineers
53:58 Masonry
54:39 Plate Mail Armor
54:44 Iron Casting
supersponge
2:35 Loom
3:26 Loom
10:24 Feudal Age
26:01 Castle Age
31:09 Double-Bit Axe
34:21 Pikeman
36:15 Wheelbarrow
40:02 Scale Mail Armor
44:09 Bow Saw
49:04 Imperial Age
47:51 Forging
47:56 Chain Mail Armor
48:28 Scale Barding Armor
49:36 Hand Cart
50:36 Bloodlines
51:40 Halberdier
52:03 Cavalier
54:20 Squires
54:06 Arson
jeff.chang1205
3:20 Loom
13:51 Feudal Age
21:45 Stone Mining
24:46 Castle Age
22:41 Gold Mining
22:57 Horse Collar
23:04 Double-Bit Axe
29:20 Fletching
29:49 Bow Saw
31:44 Town Watch
32:43 Forging
32:25 Light Cavalry
34:00 Bloodlines
34:39 Masonry
34:47 Heavy Plow
35:39 Bodkin Arrow
37:00 Wheelbarrow
38:59 Imperial Age
39:10 Ballistics
39:52 Scale Barding Armor
41:11 Stone Shaft Mining
41:13 Crop Rotation
41:05 Hand Cart
41:13 Conscription
40:57 Husbandry
41:30 Treadmill Crane
43:13 Iron Casting
43:43 Town Patrol
44:54 Chemistry
43:59 Siege Engineers
43:16 Winged Hussar
44:20 Chain Barding Armor
45:01 Blast Furnace
45:19 Szlachta Privileges
45:36 Cavalier
47:04 Hoardings
49:04 Lechitic Legacy
48:50 Murder Holes
50:55 Bracer
50:56 Scale Mail Armor
50:44 Arrowslits
51:22 Devotion
love_88876515
0:41 Loom
13:02 Feudal Age
16:59 Bloodlines
17:14 Horse Collar
24:57 Castle Age
24:53 Double-Bit Axe
25:11 Stone Mining
25:45 Heavy Plow
27:13 Scale Mail Armor
27:19 Scale Barding Armor
29:03 Bow Saw
29:03 Husbandry
28:27 Light Cavalry
30:09 Town Watch
35:33 Gold Mining
36:10 Ballistics
37:09 Gold Shaft Mining
37:20 Wheelbarrow
43:01 Imperial Age
41:25 Hand Cart
43:43 Corvinian Army
44:11 Chain Barding Armor
44:29 Conscription
43:45 Sappers
45:49 Masonry
48:12 Plate Barding Armor
48:20 Hoardings
47:33 Treadmill Crane
47:48 Murder Holes
50:14 Chain Mail Armor
49:50 Fletching
50:01 Padded Archer Armor
49:28 Elite Magyar Huszar
49:52 Pikeman
50:18 Arson
51:15 Crop Rotation
51:50 Two-Man Saw
52:05 Chemistry
52:15 Chemistry
51:28 Town Patrol
54:43 Bodkin Arrow
55:03 Leather Archer Armor
54:11 Halberdier
54:12 Man-at-Arms
Connection lost

Rejoining the realm…

Still unreachable

The connection could not be restored.

Session expired

The server has moved on; the page needs a fresh start.